cohdb
Replays
Latest Replays
All Replays
Popular Replays
Top Player Replays
Match Explorer
How It Works
Community
CoH3 Stats
Reddit
Sign in to upload your games and track your stats! →
Sign in with Steam
Match 39471218
Unlisted
Match 39471218
Overview
Messages
Build Orders
End
Panzergrenadier Squad
Selects Panzerjäger Kommand Battlegroup
Panzergrenadier Squad
250 Light Carrier
Construct Light Support Kompanie
Selects GrB 39 Grenade Launcher Requisition
MG34 Team
Fire Support Elements
Flakvierling Half-track
Panzerjäger Mechanized Group
Vehicle Survival Package
Pak 38 Anti-tank Gun Team
Construct Panzerarmee Kommand
Selects Crew Shock Tactics
Walking Stuka Rocket Launcher
Assault Mechanized Group
Selects Anti-tank Overwatch
Selects Mine Fields
Selects Early Warning
2.5-tonne Medical Truck
Sparkle
Mo-J
Wheeler
The Fresh Prince
Dream
Steelcurrent
0
0
Comments
sign in to comment!
No comments posted yet!